TOP OF THE 1ST |
Balzac Rams batting - Pitching for Bismarck Barons : RHP Ángel Gil
|
Pitching: RHP Ángel Gil
|
|
Batting: RHB Gunner Allen
|
0-0: SINGLE (Line Drive, 6M)
|
Batting: RHB Juan Jose López
|
0-0: Ball 1-0: Foul Ball, location: 2F 1-1: Called Strike 1-2: Ball 2-2: Fielders Choice at 2nd, 4-6 (Groundball, 34)
|
Batting: LHB Fernando Cruz
|
0-0: Ball 1-0: Ball 2-0: Swinging Strike 2-1: Swinging Strike 2-2: Foul Ball, location: 2F 2-2: Grounds into double play, 4-6-3 (Groundball, 4)
|
Top of the 1st over - 0 runs, 1 hit, 0 errors, 0 left on base; Balzac 0 - Bismarck 0 |
BOTTOM OF THE 1ST |
Bismarck Barons batting - Pitching for Balzac Rams : LHP Bill Martin
|
Pitching: LHP Bill Martin
|
|
Batting: RHB Jason Smith
|
0-0: Called Strike 0-1: Ball 1-1: Ball 2-1: Foul Ball, location: 2F 2-2: Strikes out swinging
|
Batting: LHB Paul Lee
|
0-0: Ball 1-0: Swinging Strike 1-1: Ball 2-1: Ball 3-1: Base on Balls
|
Batting: RHB Eric Black
|
0-0: Ball 1-0: Fielders Choice at 2nd, 6-4 (Groundball, 56)
|
Batting: RHB Luis Cherena
|
0-0: Ball 1-0: Ball 2-0: Called Strike 2-1: Ball 3-1: Base on Balls Eric Black to second
|
Batting: RHB Jonathan Jackson
|
0-0: Fly out, F9 (Flyball, 89M)
|
Bottom of the 1st over - 0 runs, 0 hits, 0 errors, 2 left on base; Balzac 0 - Bismarck 0 |
TOP OF THE 2ND |
Balzac Rams batting - Pitching for Bismarck Barons : RHP Ángel Gil
|
Batting: RHB Pedro Molina
|
0-0: Swinging Strike 0-1: Fly out, F8 (Flyball, 8LD)
|
Batting: RHB Elliott Horn
|
0-0: Ball 1-0: SINGLE (Groundball, 6MD)
|
Batting: RHB Charles Lewis
|
0-0: SINGLE (Groundball, 56D) Elliott Horn to second
|
Batting: RHB Thomas Bravo
|
0-0: Ball 1-0: Fly out, F3 (Popup, 3SF)
|
Batting: RHB Chris Forrest
|
0-0: Ball 1-0: Foul Ball, location: 2F 1-1: Foul Ball, location: 2F 1-2: Strikes out swinging
|
Top of the 2nd over - 0 runs, 2 hits, 0 errors, 2 left on base; Balzac 0 - Bismarck 0 |
BOTTOM OF THE 2ND |
Bismarck Barons batting - Pitching for Balzac Rams : LHP Bill Martin
|
Batting: RHB Vincente Ramírez
|
0-0: Called Strike 0-1: Ball 1-1: SINGLE (Groundball, 4MD)
|
Batting: RHB Terry Perkins
|
0-0: Ball 1-0: Called Strike 1-1: Ball 2-1: Swinging Strike 2-2: Foul Ball, location: 2F 2-2: Strikes out swinging
|
Batting: RHB Pedro García
|
0-0: Ball 1-0: Foul Ball, location: 2F 1-1: Ball 2-1: Ball 3-1: Base on Balls Vincente Ramírez to second
|
Batting: RHB Chet White
|
Balk! Vincente Ramírez to third Pedro García to second 0-0: Foul Ball, location: 2F 0-1: Swinging Strike 0-2: Foul Ball, location: 2F 0-2: Strikes out looking
|
Batting: RHB Jason Smith
|
0-0: Ball 1-0: Swinging Strike 1-1: Ball 2-1: Swinging Strike 2-2: Fly out, F8 (Flyball, 8RS)
|
Bottom of the 2nd over - 0 runs, 1 hit, 0 errors, 2 left on base; Balzac 0 - Bismarck 0 |
TOP OF THE 3RD |
Balzac Rams batting - Pitching for Bismarck Barons : RHP Ángel Gil
|
Batting: RHB Curt Eastham
|
0-0: Swinging Strike 0-1: Ground out 5-3 (Groundball, 56)
|
Batting: RHB Gunner Allen
|
0-0: Called Strike 0-1: Swinging Strike 0-2: Foul Ball, location: 2F 0-2: Ball 1-2: Ball 2-2: Strikes out swinging
|
Batting: RHB Juan Jose López
|
0-0: Called Strike 0-1: Ground out 4-3 (Groundball, 34D)
|
Top of the 3rd over - 0 runs, 0 hits, 0 errors, 0 left on base; Balzac 0 - Bismarck 0 |
BOTTOM OF THE 3RD |
Bismarck Barons batting - Pitching for Balzac Rams : LHP Bill Martin
|
Batting: LHB Paul Lee
|
0-0: Ball 1-0: Fly out, F8 (Flyball, 89M)
|
Batting: RHB Eric Black
|
0-0: Foul Ball, location: 2F 0-1: Called Strike 0-2: Ball 1-2: Ball 2-2: Foul Ball, location: 2F 2-2: Strikes out swinging
|
Batting: RHB Luis Cherena
|
0-0: Swinging Strike 0-1: Ball 1-1: Foul Ball, location: 2F 1-2: Strikes out looking
|
Bottom of the 3rd over - 0 runs, 0 hits, 0 errors, 0 left on base; Balzac 0 - Bismarck 0 |
TOP OF THE 4TH |
Balzac Rams batting - Pitching for Bismarck Barons : RHP Ángel Gil
|
Batting: LHB Fernando Cruz
|
0-0: Foul Ball, location: 2F 0-1: Ground out 4-3 (Groundball, 4)
|
Batting: RHB Pedro Molina
|
0-0: Fly out, F8 (Line Drive, 8LD)
|
Batting: RHB Elliott Horn
|
0-0: Foul Ball, location: 2F 0-1: Called Strike 0-2: Ball 1-2: Strikes out swinging
|
Top of the 4th over - 0 runs, 0 hits, 0 errors, 0 left on base; Balzac 0 - Bismarck 0 |
BOTTOM OF THE 4TH |
Bismarck Barons batting - Pitching for Balzac Rams : LHP Bill Martin
|
Batting: RHB Jonathan Jackson
|
0-0: Foul Ball, location: 2F 0-1: Foul Ball, location: 2F 0-2: Strikes out looking
|
Batting: RHB Vincente Ramírez
|
0-0: Ball 1-0: Foul Ball, location: 2F 1-1: Ball 2-1: Bunt for hit - play at first, batter OUT! 1-3
|
Batting: RHB Terry Perkins
|
0-0: Ball 1-0: Called Strike 1-1: Foul Ball, location: 2F 1-2: Ball 2-2: Fly out, F6 (Popup, 56D)
|
Bottom of the 4th over - 0 runs, 0 hits, 0 errors, 0 left on base; Balzac 0 - Bismarck 0 |
TOP OF THE 5TH |
Balzac Rams batting - Pitching for Bismarck Barons : RHP Ángel Gil
|
Batting: RHB Charles Lewis
|
0-0: Swinging Strike 0-1: Ball 1-1: Ground out 6-3 (Groundball, 6)
|
Batting: RHB Thomas Bravo
|
0-0: Ball 1-0: Ball 2-0: Called Strike 2-1: Ball 3-1: Called Strike 3-2: Ground out 5-3 (Groundball, 5)
|
Batting: RHB Chris Forrest
|
0-0: Called Strike 0-1: Ball 1-1: Swinging Strike 1-2: Ball 2-2: Foul Ball, location: 2F 2-2: Strikes out swinging
|
Top of the 5th over - 0 runs, 0 hits, 0 errors, 0 left on base; Balzac 0 - Bismarck 0 |
BOTTOM OF THE 5TH |
Bismarck Barons batting - Pitching for Balzac Rams : LHP Bill Martin
|
Batting: RHB Pedro García
|
0-0: Foul Ball, location: 2F 0-1: Foul Ball, location: 2F 0-2: Strikes out swinging
|
Batting: RHB Chet White
|
0-0: Ball 1-0: Called Strike 1-1: Ball 2-1: Fly out, F8 (Flyball, 8LM)
|
Batting: RHB Jason Smith
|
0-0: Ball 1-0: Called Strike 1-1: Swinging Strike 1-2: Ball 2-2: Strikes out swinging
|
Bottom of the 5th over - 0 runs, 0 hits, 0 errors, 0 left on base; Balzac 0 - Bismarck 0 |
TOP OF THE 6TH |
Balzac Rams batting - Pitching for Bismarck Barons : RHP Ángel Gil
|
Batting: RHB Curt Eastham
|
0-0: Ball 1-0: Ball 2-0: Ball 3-0: Base on Balls
|
Batting: RHB Gunner Allen
|
0-0: Swinging Strike 0-1: Ball Curt Eastham is caught stealing 2nd base 1-1: Swinging Strike 1-2: Strikes out swinging
|
Batting: RHB Juan Jose López
|
0-0: Fly out, F7 (Flyball, 7)
|
Top of the 6th over - 0 runs, 0 hits, 0 errors, 0 left on base; Balzac 0 - Bismarck 0 |
BOTTOM OF THE 6TH |
Bismarck Barons batting - Pitching for Balzac Rams : LHP Bill Martin
|
Batting: LHB Paul Lee
|
0-0: Called Strike 0-1: Ball 1-1: SINGLE (Groundball, 4MD)
|
Batting: RHB Eric Black
|
0-0: Ball 1-0: Reached on error, E6 (Groundball, 6) Paul Lee to second
|
Batting: RHB Luis Cherena
|
0-0: Ball 1-0: Foul Ball, location: 2F 1-1: Fly out, F7 (Flyball, 7S)
|
Batting: RHB Jonathan Jackson
|
0-0: Ball 1-0: Ball 2-0: Swinging Strike 2-1: Called Strike 2-2: Strikes out swinging
|
Batting: RHB Vincente Ramírez
|
0-0: Hit by Pitch Paul Lee to third Eric Black to second
|
Batting: RHB Terry Perkins
|
0-0: Ball 1-0: Swinging Strike 1-1: Swinging Strike 1-2: Strikes out swinging
|
Bottom of the 6th over - 0 runs, 1 hit, 1 error, 3 left on base; Balzac 0 - Bismarck 0 |
TOP OF THE 7TH |
Balzac Rams batting - Pitching for Bismarck Barons : RHP Ángel Gil
|
Batting: LHB Fernando Cruz
|
0-0: Ball 1-0: Ball 2-0: Ball 3-0: Called Strike 3-1: Foul Ball, location: 2F 3-2: Base on Balls
|
Batting: RHB Pedro Molina
|
0-0: Fly out, F6 (Line Drive, 6)
|
Batting: RHB Elliott Horn
|
0-0: Grounds into double play, 5-4-3 (Groundball, 56)
|
Top of the 7th over - 0 runs, 0 hits, 0 errors, 0 left on base; Balzac 0 - Bismarck 0 |
BOTTOM OF THE 7TH |
Bismarck Barons batting - Pitching for Balzac Rams : LHP Bill Martin
|
Batting: RHB Pedro García
|
0-0: Foul Ball, location: 2F 0-1: Ball 1-1: Ball 2-1: Ball 3-1: Base on Balls
|
Pitching: RHP John Dickson
|
|
Batting: RHB Chet White
|
0-0: Foul Ball, location: 2F 0-1: Ball 1-1: Ball 2-1: Ball 3-1: Bunted foul 3-2: Foul Ball, location: 2F 3-2: Fly out, F7 (Flyball, 78S)
|
Pinch Hitting: LHB Ralph Jackson
|
0-0: Ball 1-0: Called Strike 1-1: Ball 2-1: SINGLE (Line Drive, 8LS) Pedro García to second
|
Batting: LHB Paul Lee
|
0-0: Ground out U3 (Groundball, 3) Pedro García to third Ralph Jackson to second
|
Batting: RHB Eric Black
|
0-0: Ball 1-0: Foul Ball, location: 2F 1-1: Ball 2-1: Foul Ball, location: 2F 2-2: Fly out, F8 (Flyball, 89D)
|
Bottom of the 7th over - 0 runs, 1 hit, 0 errors, 2 left on base; Balzac 0 - Bismarck 0 |
TOP OF THE 8TH |
Balzac Rams batting - Pitching for Bismarck Barons : RHP Ángel Gil
|
Now in RF: Ralph Jackson
|
|
Batting: RHB Charles Lewis
|
0-0: Called Strike 0-1: Ball 1-1: Called Strike 1-2: Strikes out swinging
|
Pinch Hitting: RHB Sam Lynch
|
0-0: Ball 1-0: Fly out, F7 (Flyball, 7LD)
|
Pinch Hitting: SHB Juan Soriano
|
0-0: Ball 1-0: Ball 2-0: Foul Ball, location: 2F 2-1: Ground out 1-3 (Groundball, 15S)
|
Top of the 8th over - 0 runs, 0 hits, 0 errors, 0 left on base; Balzac 0 - Bismarck 0 |
BOTTOM OF THE 8TH |
Bismarck Barons batting - Pitching for Balzac Rams : RHP John Dickson
|
Now at 2B: Sam Lynch
|
|
Now in RF: Alejandro Martínez
|
|
Batting: RHB Luis Cherena
|
0-0: Ball 1-0: Called Strike 1-1: Called Strike 1-2: Foul Ball, location: 2F 1-2: Strikes out swinging
|
Batting: RHB Jonathan Jackson
|
0-0: SOLO HOME RUN (Flyball, 7LD), Distance : 327 ft
|
Batting: RHB Vincente Ramírez
|
0-0: Ball 1-0: Called Strike 1-1: Fly out, F9 (Flyball, 89S)
|
Batting: RHB Terry Perkins
|
0-0: Swinging Strike 0-1: Ball 1-1: Swinging Strike 1-2: Strikes out swinging
|
Bottom of the 8th over - 1 run, 1 hit, 0 errors, 0 left on base; Balzac 0 - Bismarck 1 |
TOP OF THE 9TH |
Balzac Rams batting - Pitching for Bismarck Barons : RHP Ángel Gil
|
Pinch Hitting: RHB Earl Chase
|
0-0: Fly out, F8 (Flyball, 8RXD)
|
Batting: RHB Gunner Allen
|
0-0: Called Strike 0-1: Ball 1-1: Ball 2-1: Foul Ball, location: 2F 2-2: Ball 3-2: Ground out 6-3 (Groundball, 6)
|
Batting: RHB Juan Jose López
|
0-0: Called Strike 0-1: Swinging Strike 0-2: Ball 1-2: Foul Ball, location: 2F 1-2: Ball 2-2: SINGLE (Flyball, 9LS)
|
Batting: LHB Fernando Cruz
|
0-0: Ball 1-0: Called Strike 1-1: SINGLE (Groundball, 4M) (infield hit) Juan Jose López to second
|
Batting: RHB Pedro Molina
|
0-0: Called Strike 0-1: Ball 1-1: Fly out, F8 (Flyball, 8LM)
|
Top of the 9th over - 0 runs, 2 hits, 0 errors, 2 left on base; Balzac 0 - Bismarck 1 |
|